cohdb
Replays
Latest Replays
All Replays
Popular Replays
Top Player Replays
Match Explorer
How It Works
Community
CoH3 Stats
Reddit
Sign in to upload your games and track your stats! →
Sign in with Steam
Match 45293243
Unlisted
Match 45293243
Overview
Messages
Build Orders
End
Engineer Squad
Construct Weapon Support Center
M1919 Machine Gun Team
Bazooka Squad
Selects Heavy Weapons
M1919 Machine Gun Team
Infantry Support Center
Selects Assault Carriers
Bazooka Squad
M3 Assault Carrier
Improved M9 Bazooka Rockets
Construct Medical Station
Selects M2HB .50cal Heavy Machine Gun
M1919 Machine Gun Team
M3 Assault Carrier
Comoko
7k this year for sure
~TAB~ THUND3RCHUNKY
2.0
0
0
Comments
sign in to comment!
No comments posted yet!